 Dungeon Crawl Stone Soup version 0.28.0-1-gb440e238dd (webtiles) character file.

Game seed: 9263162521357865323

7994 arthad the Fighter (level 11, -5/78 HPs)
             Began as an Octopode Wanderer on Feb 20, 2022.
             Was a High Priest of Okawaru.
             Shot with an arrow by a centaur warrior (18 damage)
             ... on level 10 of the Dungeon.
             The game lasted 00:29:07 (12565 turns).

arthad the Fighter (Octopode Wanderer)             Turns: 12565, Time: 00:29:07

Health: -5/78      AC:  2    Str: 14    XL:     11   Next: 23%
Magic:  14/15      EV: 20    Int: 12    God:    Okawaru [*****.]
Gold:   524        SH:  0    Dex: 16    Spells: 15/15 levels left

rFire   . . .      SeeInvis .   o - +10 dark maul {vorpal}
rCold   . . .      Faith    .   (shield currently unavailable)
rNeg    . . .      Spirit   .   c - +1 hat
rPois   .          Reflect  .   (no amulet)
rElec   .          Harm     .   F - ring of wizardry
rCorr   .          Rampage  .   (no ring)
Will    .....                   (no ring)
Stlth   ++++++....              (no ring)
HPRegen 0.23/turn               (no ring)
MPRegen 0.14/turn               (no ring)
                                (no ring)
                                (no ring)

@: heroic
A: almost no armour, amphibious, 8 rings, camouflage 1, gelatinous body 1,
(nimble swimmer 1), tentacles
a: Renounce Religion, Heroism, Finesse, Duel


You were on level 10 of the Dungeon.
You worshipped Okawaru.
Okawaru was extremely pleased with you.
You visited 2 branches of the dungeon, and saw 11 of its levels.
You also visited: Ossuary.

You collected 524 gold pieces.

Inventory:

Hand Weapons
 a - a +0 mace
 e - a +0 flail
 m - a +0 broad axe
 o - the +10 dark maul (weapon) {vorpal}
   (You found it on level 4 of the Dungeon)

   It inflicts extra damage upon your enemies.
 A - a +0 hand axe of freezing
 C - a +5 spear of freezing
 J - the +9 hand axe "Wiag" {vamp, *Noise rF+ rC+++ rCorr}
   (You found it on level 9 of the Dungeon)

   It occasionally heals its wielder for a portion of the damage dealt when it
   wounds a living foe.
   rF:        It protects you from fire.
   rC:        It renders you almost immune to cold.
   *Noise:    It may make noises in combat.
   rCorr:     It protects you from acid and corrosion.
Missiles
 d - 19 poisoned darts (quivered)
 E - 3 boomerangs
Armour
 b - a +0 buckler of protection
 c - a +1 hat (worn)
Jewellery
 w - a ring of ice
 F - a ring of wizardry (left tentacle)
 M - a ring of ice
Wands
 G - a wand of digging (2)
 I - a wand of iceblast (14)
 L - a wand of paralysis (10)
 N - a wand of polymorph (5)
Scrolls
 f - 9 scrolls of teleportation
 g - 11 scrolls of identify
 j - 2 scrolls of fear {unknown}
 k - 2 scrolls of immolation {unknown}
 q - a scroll of summoning {unknown}
 s - a scroll of vulnerability
 u - a scroll of brand weapon {unknown}
 x - 2 scrolls of blinking {unknown}
 y - a scroll of fog {unknown}
 z - a scroll of amnesia {unknown}
 D - a scroll of enchant armour
 H - a scroll of enchant weapon {unknown}
Potions
 h - 6 potions of degeneration
 i - 3 potions of mutation
 l - a potion of flight {unknown}
 n - 2 potions of invisibility {unknown}
 p - 3 potions of attraction {unknown}
 r - 3 potions of brilliance {unknown}
 t - a potion of heal wounds
 v - a potion of curing
 B - a potion of lignification {unknown}
 K - a potion of magic {unknown}


   Skills:
 * Level 8.9(13.9) Fighting
 - Level 0.6(10.4) Axes
 * Level 8.8(13.8) Maces & Flails
 * Level 8.2(13.2) Dodging
 + Level 8.2(13.2) Stealth
 - Level 5.0(10.0) Shields
 + Level 2.5 Spellcasting
 + Level 5.3 Invocations
 - Level 1.1 Evocations


You had 15 spell levels left.
You didn't know any spells.
Your spell library contained the following spells:

 Spells                   Type           Power      Damage    Failure   Level
 Inner Flame              Hex/Fire       1%         N/A       30%         3
 Anguish                  Hex/Necr       0%         N/A       67%         4
 Cause Fear               Hex            0%         N/A       67%         4
 Enfeeble                 Hex            0%         N/A       100%        7
 Discord                  Hex            0%         N/A       100%        8
 Tukima's Dance           Hex            Unusable   N/A       N/A         3

Dungeon Overview and Level Annotations

Branches:
Dungeon (10/15)            Temple (1/1) D:5            Lair (0/6) D:9
Ossuary (visited)
    Orc: D:9-12

Altars:
Elyvilon
Fedhas
Gozag
Hepliaklqana
Makhleb
Okawaru
Uskayaw
Vehumet
Wu Jian
Xom
Yredelemnul
Zin
The Shining One
Beogh

Annotations:
D:3 2 transporters, snaxamus's ghost, novice MiFi
D:4 3 runed translucent doors, ProzacElf's ghost, novice PaBr
D:10 4 runed translucent doors


Innate Abilities, Weirdness & Mutations

You cannot wear most types of armour.
You are amphibious.
You can wear up to eight rings at the same time.
Your skin changes colour to match your surroundings (Stealth+).
Your rubbery body absorbs attacks. (AC +1, EV +1)
((You are camouflaged when in or above water. (Stealth+)))
You have tentacles for arms and can constrict up to eight enemies at once.


Message History

A tengu warrior and a steam dragon come into view.
The tengu warrior is wielding a +0 long sword and wearing a +0 ring mail of poison resistance.
You gain the combat prowess of a mighty hero.
The helpless tengu warrior fails to defend itself.
You crush the tengu warrior like a grape!!!
The tengu warrior blocks your attack.
The tengu warrior is almost dead.
The tengu warrior misses you. The tengu warrior pecks you.
The tengu warrior barely misses you. The tengu warrior closely misses you.
The tengu warrior misses you. The tengu warrior closely misses you.
The tengu warrior hits you with a +0 long sword!
The tengu warrior closely misses you. The tengu warrior claws you!
The steam dragon hisses angrily.
Unknown command.
The tengu warrior blocks your attack. x2
The tengu warrior is almost dead.
You hear a shout!
A centaur warrior comes into view.
The tengu warrior hits you with a +0 long sword!
The tengu warrior pecks you. The tengu warrior barely misses you.
The tengu warrior hits you with a +0 long sword!
The tengu warrior completely misses you.
The tengu warrior claws you.
* * * LOW HITPOINT WARNING * * *
Unknown command.
You are too injured to fight recklessly!
You barely miss the tengu warrior. Your grab misses the tengu warrior.
You squeeze the tengu warrior, but do no damage.
The tengu warrior is almost dead.
The tengu warrior closely misses you. The tengu warrior pecks you!
* * * LOW HITPOINT WARNING * * *
The tengu warrior claws you.
* * * LOW HITPOINT WARNING * * *
The tengu warrior barely misses you. x2; The tengu warrior misses you.
You flatten the tengu warrior like a pancake!!!
You kill the tengu warrior!
Okawaru accepts your kill.
The centaur warrior wields a +0 shortbow.
The centaur warrior shoots an arrow.
The arrow hits you!!
You die...

...# #....##.#####.....# ...####
#....'..# #.....#
...'..###....#### #.....#
<..##...'....# #.....##
#'#######....## #......## ..#
#.....#######.......### )##
##'##.................## ##
#..##..######..######..# #
##+###.##@)cD#### ##.# ##
#......#.###..# #.# .#
#......#.#.## # #.# .#
#......#.##.# #.## .#
#......#.#)## #..# .#
#####.....(##...# ##..#
.###...'.......###'# #+###...#
.'...###<....+.....######..).)#.#
.##### #..........##8}$8##.)###.#


You could see a centaur warrior and a steam dragon.

Vanquished Creatures
  Fannar (D:10)
  2 two-headed ogres (D:10)
  A tengu warrior (D:10)
  A shadow (D:9)
  2 wyverns (D:9)
  A yak (D:9)
  Eustachio (D:5)
  A basilisk (D:9)
  Menkaure (D:7)
  A water moccasin (D:5)
  3 orc warriors
  A sky beast (D:8)
  2 hornet zombies (Ossuary)
  2 black bears
  3 ice beasts
  2 necrophages (D:6)
  3 centaurs
  4 ogres
  A kobold brigand (D:9)
  4 bullfrogs
  A scorpion (D:7)
  A wyvern zombie (Ossuary)
  A gnoll sergeant (D:6)
  3 water moccasin zombies
  A wyvern skeleton (D:5)
  3 killer bees (D:7)
  15 wights
  3 howler monkeys
  6 bullfrog zombies (Ossuary)
  5 centaur zombies
  3 hounds (D:6)
  2 jellies
  An orc priest (D:5)
  4 iguanas
  10 orc wizards
  3 killer bee zombies
  3 howler monkey zombies (Ossuary)
  16 mummies (Ossuary)
  2 howler monkey skeletons
  8 gnolls
  8 adders
  A white imp (D:5)
  An ufetubus (D:6)
  2 adder skeletons (D:4)
  A worm (D:2)
  5 dart slugs
  41 orcs
  4 bats
  7 endoplasms
  4 giant cockroaches
  9 goblins
  8 hobgoblins
  4 jackals (D:2)
  6 quokkas
  8 ball pythons
  5 frilled lizards
  A goblin zombie (D:5)
  9 kobolds
  A quokka zombie (D:5)
  5 rats
258 creatures vanquished.

Vanquished Creatures (others)
  A fungus (D:9)
  5 withered plants (Ossuary)
6 creatures vanquished.

Grand Total: 264 creatures vanquished

Notes
Turn   | Place    | Note
-------+----------+-------------------------------------------
     0 | D:1      | arthad the Octopode Wanderer began the quest for the Orb.
     0 | D:1      | arthad set off with the following items: a +0 mace, a +0
                  | buckler of protection, a +0 hat
     0 | D:1      | Reached XP level 1. HP: 16/16 MP: 1/1
   139 | D:1      | Reached XP level 2. HP: 12/21 MP: 2/2
   459 | D:1      | Reached XP level 3. HP: 26/26 MP: 3/3
   766 | D:1      | Reached skill level 1 in Dodging
  1449 | D:2      | HP: 1/26 [gnoll (7)]
  1454 | D:2      | HP: 1/26 [gnoll (1)]
  1465 | D:2      | Reached XP level 4. HP: 10/31 MP: 4/4
  2342 | D:2      | Reached XP level 5. HP: 37/37 MP: 5/5
  2900 | D:3      | Found a faded altar of an unknown god.
  3146 | D:3      | Found a transporter.
  3149 | D:3      | Noticed snaxamus's ghost (novice MiFi)
  3150 | D:3      | Found a transporter.
  4001 | D:4      | Reached XP level 6. HP: 23/43 MP: 6/6
  4329 | D:4      | Found the +10 dark maul {vorpal}
  4403 | D:4      | Found a radiant altar of Vehumet.
  4409 | D:4      | HP: 2/43 [goblin (5)]
  4993 | D:4      | Found a runed translucent gate.
  4993 | D:4      | Found a runed translucent gate.
  4994 | D:4      | Found a runed translucent gate.
  4997 | D:4      | Noticed ProzacElf's ghost (novice PaBr)
  4999 | D:4      | Identified the +11 hunting sling "Lumewuo" {freeze, rCorr}
  5244 | D:5      | Entered Level 5 of the Dungeon
  5296 | D:5      | Reached XP level 7. HP: 49/49 MP: 7/7
  5305 | D:5      | Found a staircase to the Ecumenical Temple.
  5311 | D:5      | Noticed Eustachio
  5331 | D:5      | HP: 2/49 [orc (3)]
  5338 | D:5      | Killed Eustachio
  5351 | Temple   | Entered the Ecumenical Temple
  5612 | Temple   | Became a worshipper of Warmaster Okawaru
  5910 | D:5      | Found a sand-covered staircase.
  5917 | Ossuary  | Entered an ossuary
  5938 | Ossuary  | Reached skill level 5 in Fighting
  5996 | Ossuary  | Reached XP level 8. HP: 49/55 MP: 8/8
  5998 | Ossuary  | Reached * piety under Okawaru
  5999 | Ossuary  | Reached skill level 5 in Maces & Flails
  6014 | Ossuary  | Reached skill level 1 in Invocations
  6017 | Ossuary  | HP: 1/56 [water moccasin zombie (7)]
  6056 | Ossuary  | Reached skill level 5 in Shields
  6520 | Ossuary  | Reached ** piety under Okawaru
  6644 | Ossuary  | Reached skill level 5 in Stealth
  6777 | D:5      | Reached skill level 5 in Dodging
  6777 | D:5      | Reached XP level 9. HP: 50/62 MP: 10/10
  6854 | D:5      | Found an ornate altar of the Wu Jian Council.
  7168 | D:5      | Noticed a spectral centipede
  7829 | D:6      | Reached *** piety under Okawaru
  8793 | D:7      | Reached XP level 10. HP: 36/71 MP: 9/12
  9179 | D:7      | Noticed Menkaure
  9183 | D:7      | Killed Menkaure
  9534 | D:7      | Found a blossoming altar of Fedhas.
  9535 | D:7      | Found a glowing silver altar of Zin.
  9824 | D:7      | Found an opulent altar of Gozag.
  9878 | D:8      | Received a gift from Okawaru
 10557 | D:8      | Reached **** piety under Okawaru
 11055 | D:9      | Reached skill level 1 in Spellcasting
 11155 | D:9      | Identified the +9 hand axe "Wiag" {vamp, *Noise rF+ rC+++
                  | rCorr}
 11258 | D:9      | Found a staircase to the Lair.
 11775 | D:9      | Found a hazy altar of Hepliaklqana.
 11818 | D:10     | Entered Level 10 of the Dungeon
 11993 | D:10     | Noticed a two-headed ogre
 11999 | D:10     | Killed a two-headed ogre
 11999 | D:10     | Reached ***** piety under Okawaru
 12000 | D:10     | Reached skill level 5 in Invocations
 12000 | D:10     | Reached XP level 11. HP: 40/78 MP: 11/14
 12343 | D:10     | Found a large runed translucent door.
 12343 | D:10     | Found a large runed translucent door.
 12347 | D:10     | Found the necklace of Bloodlust {*Rage Will++ Int-3 Slay+6}
 12349 | D:10     | Noticed Fannar
 12353 | D:10     | Killed Fannar
 12358 | D:10     | Noticed a centaur warrior
 12358 | D:10     | Noticed a centaur warrior
 12488 | D:10     | Found a large runed translucent door.
 12488 | D:10     | Found a large runed translucent door.
 12522 | D:10     | Noticed a two-headed ogre
 12526 | D:10     | Killed a two-headed ogre
 12559 | D:10     | Noticed a tengu warrior
 12563 | D:10     | Noticed a centaur warrior
 12565 | D:10     | Killed a tengu warrior
 12565 | D:10     | Shot with an arrow by a centaur warrior

Illustrated notes

Levels and vault maps discovered:
D:1:      minmay_arrival_jagged, layout_basic, serial_forest,
          infiniplex_forest_zigzag_1, infiniplex_forest_clump_tiny,
          infiniplex_forest_lined_4_way, infiniplex_forest_lined_3_way,
          infiniplex_forest_zigzag_2, infiniplex_forest_lined_1,
          roderic_malta_cross, minmay_indecisive_spiral
D:2:      layout_basic
D:3:      layout_loops_corners, ebering_ecumenical_altar_petrified,
          gammafunk_ghost_mausoleum
D:4:      layout_loops_ring, nicolae_overflow_crystal_walls,
          biasface_ghost_orc_armoury, minivault_26, nicolae_figureground_pulse
D:5:      layout_layer_cave, pdpol_wu_jian_five_deadly_venoms,
          minmay_temple_entry_slanted, enter_ossuary_4, uniq_eustachio
D:6:      layout_loops_ring, st_stairs_11, minmay_between
D:7:      layout_basic, lemuel_coloured_pillars_altar,
          gammafunk_temple_overflow_pools, uniq_menkaure
D:8:      layout_gridville
D:9:      layout_roguey, nzn_hepliaklqana_mist_gate, david_lair_generic
D:10:     layout_roguey, minmay_hollow_rounded_squares, uniq_fannar
Temple:   eino_temple_scatter_basement

Skill      XL: |  1  2  3  4  5  6  7  8  9 10 11 |
---------------+----------------------------------+-----
Dodging        | 1 2 3 5 6 7 8 |  8.2
Stealth        | 2 3 4 5 6 7 8 |  8.2
Shields        | 3 4 5 |  5.0
Maces & Flails | 4 6 7 8 |  8.8
Fighting       | 4 5 6 7 8 |  8.9
Invocations    | 2 3 5 |  5.3
Spellcasting   | 2 |  2.5
Axes           | |  0.6
Evocations     | |  1.1

Action                   |  1- 3 |  4- 6 |  7- 9 | 10-12 || total
-------------------------+-------+-------+-------+-------++-------
Melee: Mace              |    59 |    31 |       |       ||    90
       Constrict         |    20 |    29 |    25 |    14 ||    88
       Tentacles         |    15 |    20 |    18 |    12 ||    65
       Punch             |     1 |       |     4 |     2 ||     7
       Flail             |       |    70 |       |       ||    70
       Broad axe         |       |    22 |       |       ||    22
       Maul              |       |    13 |   137 |    87 ||   237
Throw: Dart              |       |     3 |    14 |    14 ||    31
Invok: Heroism           |       |       |     2 |     4 ||     6
  Use: Potion            |     3 |     1 |     4 |       ||     8
       Scroll            |     2 |     5 |     1 |       ||     8
 Stab: Sleeping          |     8 |    16 |    10 |    14 ||    48
       Distracted        |     1 |     1 |     1 |     2 ||     5
Armor: Skin              |    13 |    33 |    25 |    10 ||    81
Dodge: Dodged            |    43 |    95 |   181 |   140 ||   459
Block: Buckler           |    13 |    19 |       |       ||    32
